Map: 얼어붙은 사원

Players

llllllllllll

  • Race: Protoss Protoss
  • League: Grandmaster

llllllllllll (Scarlett) - Winner!

  • Race: Zerg Zerg
  • League: Grandmaster

VOD

Have the link to the VOD?

Description

Time

  • Played on: April 14, 2016, 7:36 a.m.
  • Length: 29:22
Show
View Real Time Build Order
Export as new Build Order

llllllllllll Protoss 

Build Orders: 1 Gate Expand 

Get SALT Encoding   

  12  0:01  Probe (Chrono Boost)  
  13  0:11  Probe (Chrono Boost)  
  14  0:19  Pylon  
  14  0:22  Probe (Chrono Boost)  
  15  0:37  Probe (Chrono Boost)  
  15  0:39  Gateway  
  16  0:48  Probe (Chrono Boost)  
  16  0:49  Assimilator  
  17  0:58  Probe (Chrono Boost)  
  18  1:09  Probe (Chrono Boost)  
  19  1:23  Nexus  
  19  1:30  Cybernetics Core  
  19  1:37  Zealot (Chrono Boost)  
  21  1:45  Pylon  
  21  1:47  Probe  
  22  2:03  Zealot (Chrono Boost)  
  26  2:08  Mothership Core (Chrono Boost)  
  23  2:27  Probe (Chrono Boost)  
  23  2:29  Adept (Chrono Boost)  
  22  2:38  Probe  
  22  2:50  Probe  
  23  2:54  Adept (Chrono Boost)  
  24  3:02  Probe  
  24  3:03  Warp Gate  
  25  3:14  Probe  
  25  3:17  Probe  
  26  3:22  Adept (Chrono Boost)  
  26  3:26  Probe  
  29  3:27  Probe  
  30  3:38  Probe  
  30  3:39  Probe  
  29  3:50  Probe x2  
  30  4:01  Probe (Chrono Boost)  
  31  4:03  Probe (Chrono Boost)  
  31  4:08  Assimilator  
  32  4:14  Adept (Chrono Boost)  
  34  4:27  Probe  
  34  4:28  Probe  
  36  4:33  Pylon  
  35  4:39  Probe  
  35  4:40  Probe  
  37  4:51  Probe  
  37  4:52  Probe  
  34  5:08  Probe  
  29  5:14  Adept  
  29  5:15  Probe  
  29  5:20  Probe  
  31  5:27  Probe  
  29  5:32  Probe, Adept  
  29  5:39  Probe  
  30  5:45  Probe  
  28  5:51  Probe  
  30  5:57  Probe, Adept  
  31  6:08  Probe, Gateway  
  31  6:09  Probe  
  33  6:16  Adept  
  35  6:20  Probe  
  32  6:27  Probe  
  33  6:33  Pylon  
  33  6:35  Adept  
  34  6:44  Probe x2  
  34  6:56  Probe, Adept  
  34  6:58  Probe  
  38  7:02  Pylon  
  38  7:10  Pylon  
  38  7:22  Adept  
  38  7:23  Adept  
  38  7:24  Probe  
  38  7:39  Pylon  
  38  7:50  Probe  
  38  8:01  Nexus  
  38  8:03  Probe  
  39  8:09  Sentry  
  39  8:10  Sentry  
  43  8:23  Pylon  
  43  8:31  Gateway  
  43  8:33  Probe  
  44  8:42  Gateway, Sentry x2  
  44  8:45  Probe  
  49  8:54  Pylon  
  49  8:58  Probe  
  49  9:01  Twilight Council  
  50  9:10  Probe  
  50  9:13  Probe  
  52  9:22  Probe (Chrono Boost)  
  53  9:24  Probe (Chrono Boost)  
  54  9:33  Probe (Chrono Boost)  
  54  9:35  Probe (Chrono Boost)  
  56  9:38  Resonating Glaives (Chrono Boost)  
  56  9:45  Gateway, Probe  
  56  9:46  Probe  
  58  9:54  Adept x3  
  58  9:55  Probe  
  58  9:58  Probe  
  58  9:59  Pylon  
  66  10:06  Probe  
  66  10:07  Pylon  
  66  10:10  Probe  
  68  10:16  Probe  
  69  10:22  Probe  
  69  10:24  Adept  
  69  10:25  Pylon  
  69  10:27  Probe  
  69  10:36  Adept x2  
  61  10:52  Stalker x2  
  65  11:05  Probe  
  65  11:07  Probe  
  65  11:08  Adept x2  
  71  11:16  Probe  
  70  11:42  Stargate  
  69  11:50  Adept  
  69  11:52  Pylon  
  70  11:58  Assimilator  
  70  12:00  Assimilator, Forge  
  70  12:11  Stargate  
  70  12:25  Phoenix (Chrono Boost)  
  71  12:36  Protoss Ground Weapons Level 1  
  71  12:51  Phoenix (Chrono Boost)  
  73  12:54  Phoenix (Chrono Boost)  
  73  12:55  Pylon  
  75  13:03  Probe x2  
  77  13:12  Adept x3  
  83  13:13  Phoenix (Chrono Boost)  
  83  13:14  Adept  
  83  13:16  Phoenix (Chrono Boost)  
  89  13:34  Phoenix (Chrono Boost)  
  89  13:35  Probe  
  89  13:36  Probe  
  89  13:38  Phoenix (Chrono Boost)  
  95  13:46  Nexus  
  95  13:47  Pylon x2  
  95  13:56  Phoenix (Chrono Boost)  
  95  14:00  Phoenix (Chrono Boost)  
  99  14:06  Probe x2  
  101  14:18  Probe  
  101  14:22  Protoss Air Weapons Level 1  
  102  14:26  Robotics Facility  
  102  14:29  Sentry  
  102  14:30  Sentry  
  106  14:32  Pylon  
  108  14:38  Phoenix (Chrono Boost)  
  125  14:45  Phoenix (Chrono Boost)  
  110  15:03  Protoss Ground Weapons Level 2  
  110  15:11  Adept x4  
  118  15:14  Assimilator  
  118  15:16  Assimilator  
  118  15:39  Charge (Chrono Boost)  
  118  15:48  Immortal  
  122  15:58  Gateway  
  122  16:00  Gateway  
  122  16:11  Pylon  
  112  16:20  Zealot x4  
  112  16:23  Warp Prism  
  112  16:25  Templar Archives  
  120  16:35  Probe  
  120  16:36  Probe  
  120  16:37  Probe, Nexus  
  123  16:40  Pylon  
  123  16:56  Probe x2, Psionic Storm  
  123  16:57  Observer, Probe  
  127  17:11  High Templar x4  
  127  17:13  High Templar x2, Immortal  
  139  17:18  Archon  
  139  17:22  Archon  
  141  17:23  Archon  
  101  17:45  Adept x5  
  101  17:46  Adept  
  101  17:48  Immortal  
  84  17:59  Probe x2  
  84  18:00  Probe  
  87  18:06  Adept x5  
  87  18:08  Adept  
  99  18:14  Pylon  
  99  18:15  Pylon  
  94  18:20  Probe  
  93  18:37  Sentry, High Templar x2  
  93  18:40  Zealot  
  93  18:41  Probe x2  
  103  18:50  Zealot x2  
  107  19:00  High Templar  
  107  19:01  High Templar  
  111  19:17  Immortal  
  115  19:24  Zealot x2  
  115  19:28  High Templar x2  
  123  19:33  Archon  
  123  19:39  Gateway x2  
  123  19:50  Zealot  
  123  19:52  Adept x3  
  121  20:07  High Templar x2  
  121  20:11  Zealot  
  121  20:13  High Templar  
  129  20:14  Zealot x2  
  129  20:16  Archon  
  129  20:17  Archon  
  123  20:38  Archon  
  89  20:47  High Templar x2  
  87  20:51  Zealot x3  
  87  20:52  Zealot  
  87  20:53  Archon  
  89  21:12  High Templar x2  
  89  21:13  Zealot x2  
  89  21:17  Archon  
  82  21:23  Sentry x2  
  42  21:47  High Templar  
  42  21:48  Zealot x4, High Templar, Immortal  
  58  21:54  Zealot x2  
  62  22:09  Zealot x4  
  69  22:17  Photon Cannon  
  69  22:24  Observer  
  70  22:43  Probe  
  70  22:44  Probe x3  
  72  22:49  Sentry  
  72  22:50  High Templar  
  72  22:51  High Templar x2  
  82  22:56  Probe x3  
  85  22:58  Immortal  
  85  23:01  Assimilator  
  85  23:04  Assimilator  
  89  23:09  Sentry  
  89  23:11  Probe x2  
  89  23:12  Probe  
  94  23:29  Zealot x4  
  94  23:32  Mothership Core  
  102  23:36  Immortal  
  94  24:03  High Templar  
  94  24:08  Oracle  
  94  24:09  Robotics Facility  
  99  24:10  Immortal  
  99  24:12  Probe  
  104  24:21  Zealot  
  106  24:27  High Templar  
  106  24:28  High Templar  
  106  24:29  Zealot x3  
  116  24:32  Zealot  
  116  24:33  Archon  
  118  24:40  Pylon  
  118  24:41  Pylon  
  118  24:44  Immortal  
  122  24:53  High Templar x2  
  122  24:57  Archon, Zealot  
  128  25:15  High Templar  
  128  25:16  High Templar  
  130  25:22  Dark Shrine  
  130  25:28  Zealot  
  130  25:32  Immortal (Chrono Boost)  
  130  25:35  Immortal (Chrono Boost)  
  140  25:43  Zealot x3  
  140  25:46  Zealot  
  125  25:59  Probe x2  
  125  26:00  Probe  
  125  26:01  Probe  
  127  26:06  Protoss Ground Armor Level 1  
  127  26:10  Probe  
  128  26:11  Observer (Chrono Boost)  
  128  26:12  Probe x2  
  128  26:14  Probe  
  132  26:24  Warp Prism (Chrono Boost)  
  134  26:34  Dark Templar  
  136  26:41  Dark Templar  
  136  26:46  Dark Templar  
  140  26:49  Zealot  
  140  26:50  Zealot  
  143  27:15  Zealot  
  145  27:18  Immortal (Chrono Boost)  
  149  27:35  Warp Prism (Chrono Boost)  
  145  27:40  High Templar x2  
  147  27:47  Dark Templar  
  147  27:48  Archon  
  147  27:49  Dark Templar  
  147  27:50  Dark Templar  
  153  27:54  Archon  
  153  28:06  Dark Templar  
  148  28:22  Zealot x5, Dark Templar  
  148  28:23  Zealot  
Show
View Real Time Build Order
Export as new Build Order

llllllllllll Zerg - Winner!

Build Orders: Pool First 

Get SALT Encoding   

  12  0:01  Drone  
  13  0:14  Extractor  
  12  0:24  Spawning Pool  
  11  0:28  Drone  
  11  0:33  Drone  
  13  0:38  Drone  
  14  0:48  Overlord  
  14  1:10  Zergling x2  
  14  1:11  Zergling x4  
  16  1:16  Metabolic Boost  
  17  1:22  Zergling x2  
  18  1:27  Queen  
  20  1:36  Zergling x2  
  21  1:45  Zergling x2  
  22  1:59  Hatchery  
  21  2:12  Zergling x2  
  21  2:20  Zergling x2  
  21  2:21  Overlord  
  21  2:36  Zergling x2  
  20  2:41  Zergling x2  
  20  2:42  Queen  
  22  2:49  Evolution Chamber  
  21  2:54  Zergling x2  
  21  3:01  Zergling x6  
  22  3:23  Zergling x8  
  25  3:28  Zergling x6  
  28  3:38  Zergling x4  
  29  3:53  Zergling x4  
  30  3:59  Zergling x4  
  31  4:03  Zergling x2  
  32  4:19  Zergling x8  
  33  4:46  Zergling x6  
  35  4:59  Zergling x4  
  33  5:07  Zergling x6  
  33  5:17  Zergling x4  
  31  5:32  Zergling x8  
  30  5:45  Zergling x12  
  34  5:58  Zergling x2  
  34  5:59  Zergling x2  
  34  6:20  Zergling x4  
  34  6:21  Zergling x2  
  34  6:31  Zergling x6  
  35  6:33  Overlord  
  34  6:44  Zergling x6  
  32  6:56  Zergling x2  
  32  6:57  Zergling x4  
  35  7:04  Zerg Melee Weapons Level 1  
  32  7:24  Zergling x8  
  29  7:32  Drone x2  
  30  7:51  Drone x3  
  33  8:08  Zergling x2  
  33  8:09  Zergling x8  
  38  8:18  Baneling Nest  
  37  8:22  Zergling x2  
  38  8:39  Drone x2  
  38  8:40  Drone x3  
  40  8:45  Drone  
  41  8:49  Drone  
  41  8:55  Pneumatized Carapace  
  42  9:03  Drone x2  
  44  9:10  Overlord  
  44  9:17  Baneling x2  
  44  9:25  Overlord  
  44  9:29  Extractor, Drone  
  44  9:30  Drone x4  
  48  9:36  Baneling x2  
  48  9:38  Baneling  
  48  9:45  Zergling x2  
  48  9:46  Zergling x8  
  53  9:53  Overlord  
  53  9:54  Zergling x4  
  54  10:02  Zergling x4  
  54  10:03  Zergling x2  
  57  10:07  Baneling  
  57  10:08  Baneling x2  
  57  10:09  Baneling  
  57  10:11  Overlord  
  57  10:28  Zergling x12  
  55  10:54  Zergling x2  
  55  10:55  Zergling x14  
  46  11:35  Zergling x24  
  46  11:39  Lair, Zerg Ground Armor Level 1  
  57  11:43  Baneling x3  
  57  11:49  Hatchery  
  57  11:51  Drone x2  
  58  11:55  Zergling x2  
  58  11:56  Baneling x7  
  58  11:57  Baneling  
  59  12:06  Zergling x4  
  59  12:07  Baneling x2  
  61  12:09  Baneling  
  61  12:11  Drone  
  62  12:22  Baneling  
  62  12:30  Drone x5  
  67  12:44  Overlord x2  
  67  12:47  Extractor  
  66  13:01  Centrifical Hooks  
  66  13:02  Drone  
  66  13:03  Queen, Drone x7  
  74  13:16  Drone x3  
  74  13:18  Hydralisk Den  
  76  13:22  Extractor  
  76  13:25  Spore Crawler  
  74  13:34  Drone x3  
  74  13:37  Drone  
  74  13:38  Zerg Melee Weapons Level 2  
  74  13:39  Overlord x2  
  78  13:43  Spore Crawler  
  77  13:54  Overlord x2  
  77  13:56  Spore Crawler  
  77  13:58  Muscular Augments  
  76  14:08  Drone  
  76  14:09  Drone x6  
  77  14:21  Drone x3  
  77  14:23  Hydralisk x4  
  88  14:28  Drone  
  88  14:30  Overlord  
  88  14:44  Spore Crawler, Hydralisk  
  89  14:48  Hydralisk x2  
  89  14:52  Drone x2  
  92  14:53  Drone  
  92  14:56  Drone x4  
  91  15:12  Hydralisk x2  
  95  15:14  Overlord x2  
  95  15:15  Overlord x3  
  95  15:19  Drone  
  95  15:20  Drone  
  97  15:31  Overlord x2  
  97  15:33  Hydralisk  
  97  15:34  Hydralisk  
  101  15:36  Hydralisk x2  
  105  15:45  Hydralisk  
  105  15:46  Hydralisk  
  106  15:52  Hydralisk  
  106  15:54  Queen  
  110  16:05  Hydralisk x2  
  108  16:16  Hydralisk x5  
  104  16:22  Hydralisk  
  104  16:23  Hydralisk  
  108  16:28  Hydralisk  
  108  16:29  Hydralisk  
  108  16:30  Queen  
  114  16:36  Hydralisk  
  114  16:37  Hydralisk  
  118  16:45  Baneling x5  
  118  16:49  Hydralisk  
  118  16:50  Zergling x8  
  124  16:57  Extractor  
  124  16:58  Extractor  
  122  17:03  Zergling x2  
  122  17:04  Zergling x12  
  129  17:13  Baneling  
  129  17:14  Baneling x9  
  129  17:15  Zergling x2  
  129  17:16  Zergling x4  
  127  17:35  Zergling x20  
  81  17:51  Hydralisk  
  81  17:52  Hydralisk x4  
  80  18:02  Baneling x4  
  80  18:03  Baneling, Hydralisk x2  
  80  18:10  Hydralisk  
  80  18:11  Hydralisk  
  80  18:33  Drone  
  80  18:34  Drone x5  
  83  18:37  Zerg Missile Weapons Level 1  
  86  18:41  Hatchery  
  85  18:50  Baneling x6  
  85  18:52  Hydralisk x3  
  91  18:56  Hydralisk  
  93  19:14  Hydralisk x3  
  93  19:15  Hydralisk  
  101  19:21  Drone  
  101  19:22  Drone x3  
  105  19:33  Zergling x14  
  112  19:44  Lurker Den  
  111  19:47  Zergling x8  
  111  19:52  Zergling x6  
  115  20:04  Baneling  
  115  20:05  Baneling x13  
  114  20:13  Zergling x2  
  114  20:14  Zergling x10  
  120  20:24  Hydralisk x3  
  96  20:43  Hydralisk x5  
  96  20:44  Zergling x2  
  103  20:51  Zergling x2  
  103  20:52  Zergling x12  
  103  20:55  Zergling x4  
  108  21:08  Baneling x2  
  108  21:10  Zergling x14  
  99  21:23  Hydralisk x3  
  90  21:30  Zergling x8  
  61  21:55  Zergling x18  
  61  21:59  Overseer  
  70  22:02  Lurker x2  
  72  22:17  Lurker x5  
  77  22:25  Overseer, Drone x3  
  77  22:26  Hydralisk  
  82  22:36  Hydralisk  
  84  22:40  Hydralisk  
  84  22:41  Hydralisk  
  88  22:44  Baneling x5  
  88  22:55  Hydralisk x3  
  94  23:06  Hydralisk  
  94  23:07  Hydralisk x2  
  100  23:17  Spore Crawler  
  96  24:08  Overlord, Extractor  
  96  24:09  Extractor  
  94  24:12  Hydralisk x8  
  116  24:22  Zergling x2  
  116  24:23  Zergling x10  
  116  24:24  Baneling x6  
  116  24:25  Baneling  
  116  24:27  Overseer  
  115  25:01  Drone x3  
  115  25:02  Drone x2  
  115  25:03  Drone  
  115  25:05  Lurker x7  
  128  25:17  Hatchery  
  127  25:23  Hydralisk  
  127  25:24  Hydralisk x4  
  137  25:30  Hydralisk x2  
  137  25:34  Zergling x4  
  136  26:01  Zergling x12  
  140  26:10  Overlord x4  
  140  26:14  Lurker  
  140  26:15  Lurker x4  
  140  26:16  Lurker  
  146  26:34  Infestation Pit  
  146  26:36  Lurker x6  
  147  27:00  Baneling  
  147  27:01  Baneling x10  
  145  27:17  Zergling x4  
  145  27:18  Zergling x2  
  140  27:44  Hydralisk x5  
  140  27:51  Zergling x14  
  155  27:53  Spore Crawler  
  155  27:55  Spine Crawler  
  155  27:56  Spine Crawler x2  
  153  28:06  Zergling x8  
  156  28:36  Zergling x22  
Tags
 
Add a new tag
Caveats
  • Supply blocks, unpowered buildings, or Contaminate may cause inaccurate times.
  • Supply counts are checked every 10 seconds.